 Dungeon Crawl Stone Soup version 0.29.0-15-g675c0067aa (webtiles) character file.

Game seed: 13620142828775779346

73 qw the Chopper (level 4, 0/28 HPs)
             Began as a Gargoyle Fighter on Sept 12, 2022.
             Slain by Sigmund
             ... wielding a +0 scythe
              (5 damage)
             ... on level 2 of the Dungeon.
             The game lasted 00:00:42 (1864 turns).

qw the Chopper (Gargoyle Fighter)                   Turns: 1864, Time: 00:00:42

Health: 0/28       AC: 11    Str: 19 (21) XL:     4   Next: 27%
Magic:  4/4        EV:  9    Int:  7 (9)  God:
Gold:   93         SH:  0    Dex:  6 (9)  Spells: 3/3 levels left

rFire   . . .      SeeInvis .   Y - +0 war axe
rCold   . . .      Faith    .   c - +0 buckler
rNeg    + . .      Spirit   .   b - +0 scale mail
rPois   inf        Reflect  .   (no helmet)
rElec   +          Harm     .   (no cloak)
rCorr   .          Rampage  .   k - +0 pair of gloves
Will    .....                   (no boots)
Stlth   ..........              (no amulet)
HPRegen 0.09/turn               (no ring)
MPRegen 0.09/turn               (no ring)

@: confused
A: sickness immunity, AC +3, negative energy resistance 1, electricity
resistance, torment resistance 1, petrification resistance
a: no special abilities


You were on level 2 of the Dungeon.
You visited 1 branch of the dungeon, and saw 2 of its levels.

You collected 93 gold pieces.


Innate Abilities, Weirdness & Mutations

You are immune to sickness and miasma.
Your stone body is resilient. (AC +3)
You are immune to poison.
You resist negative energy. (rN+)
You are resistant to electric shocks. (rElec)
You are resistant to unholy torment.
You are immune to petrification.


   Skills:
 - Level 3.2 Fighting
 + Level 4.0 Axes
 - Level 3.2 Armour
 - Level 3.2 Shields


You had 3 spell levels left.
You didn't know any spells.
Your spell library was empty.

Inventory:

Hand Weapons
 f - a +0 mace
 Y - a +0 war axe (weapon)
Armour
 b - a +0 scale mail (worn)
 c - a +0 buckler (worn)
 k - a +0 pair of gloves (worn)
Scrolls
 a - a scroll of identify
Potions
 d - a potion of might
 e - a potion of flight {unknown}
 j - a potion of curing {unknown}
 n - a potion of attraction {unknown}

Dungeon Overview and Level Annotations

Branches:
Dungeon (2/15)

Altars:

Annotations:
D:2 Sigmund


Message History

The endoplasm freezes you.
You are frozen.
The endoplasm hits you but does no damage.
You slash the endoplasm!
You kill the endoplasm!
You miss something.
You hear some strange, mumbled words.
You are confused.
You're too confused to attack without stumbling around!
There is a strange disturbance nearby!
Something hits you but does no damage.
You're too confused to attack without stumbling around!
There is a strange disturbance nearby!
Something hits you.
You're too confused to attack without stumbling around!
There is a strange disturbance nearby!
You're too confused to attack without stumbling around!
There is a strange disturbance nearby!
Something hits you but does no damage.
You're too confused to attack without stumbling around!
There is a strange disturbance nearby!
Something hits you but does no damage.
You're too confused to attack without stumbling around!
There is a strange disturbance nearby!
You feel less confused.
You miss something. Something hits you but does no damage.
You barely miss something. Something hits you.
You slash something! Something hits you but does no damage.
You hit something. Something hits you.
You miss something.
You hear some strange, mumbled words.
You are confused.
You're too confused to attack without stumbling around!
There is a strange disturbance nearby!
Something hits you.
You die...

##+#......%.%...
#....####.##....
#....# #........
#....# ##.##.### $
##'#.# ......# # ...
##.#.#.##.##.#
....#####.............
......<....#.#.###
#.### .......@.......#
..... .......{...#...#
#. .......##..#...#
....... #......#
....... ...#.....
.....#. ##.#...##
.....#. .# ..# .....#.
.. .# #. .#..###


There were no monsters in sight!

Vanquished Creatures
  2 dart slugs (D:2)
  2 bats
  7 endoplasms
  2 giant cockroaches
  6 goblins
  13 hobgoblins
  6 jackals (D:2)
  3 kobolds
  3 quokkas
  6 ball pythons
  5 frilled lizards
  3 rats
58 creatures vanquished.

Notes
Turn   | Place    | Note
-------+----------+-------------------------------------------
     0 | D:1      | qw the Gargoyle Fighter began the quest for the Orb.
     0 | D:1      | Reached XP level 1. HP: 14/14 MP: 1/1
     0 | D:1      | 0 ||| qw: Version: 0.1-a-119-g272c26d
     0 | D:1      | 0 ||| qw: Game counter: 10760
     0 | D:1      | 0 ||| qw: Always use a shield: true
     0 | D:1      | 0 ||| qw: God list: Okawaru
     0 | D:1      | 0 ||| qw: Allow faded altars: false
     0 | D:1      | 0 ||| qw: Do Orc after D:15 true
     0 | D:1      | 0 ||| qw: Do second Lair branch before Depths: true
     0 | D:1      | 0 ||| qw: Lair rune preference: random
     0 | D:1      | 0 ||| qw: Plans: Normal, Zot, God:TSO, Crypt, Tomb, Pan,
                  | Slime, Hells, Zig, Abyss, Orb
     0 | D:1      | 0 ||| PLANNING D:1-11
    22 | D:1      | Reached skill level 2 in Axes
   187 | D:1      | Reached XP level 2. HP: 17/19 MP: 2/2
   225 | D:1      | Found a faded altar of an unknown god.
   236 | D:1      | 236 ||| Stepping ~*~*~tactically~*~*~ (stealth).
   663 | D:1      | Reached skill level 3 in Axes
   809 | D:1      | Reached XP level 3. HP: 23/23 MP: 3/3
   920 | D:1      | 920 ||| UPGRADING to +0 pair of gloves.
   925 | D:1      | 925 ||| READING 2 scrolls labelled YZEAWK ILOD.
   926 | D:1      | 926 ||| READING scroll labelled BARUTSAFED.
   927 | D:1      | 927 ||| READING scroll labelled POSMOS HEORUNG.
   931 | D:1      | 931 ||| READING 2 scrolls labelled WUPROUZ IGRIEJ.
   932 | D:1      | 932 ||| DRINKING 2 murky coppery potions.
   933 | D:1      | 933 ||| DRINKING 2 smoky black potions.
  1034 | D:1      | 1034 ||| DROPPING potion of degeneration.
  1035 | D:1      | 1035 ||| DROPPING scroll of magic mapping.
  1036 | D:1      | 1036 ||| DROPPING potion of ambrosia.
  1066 | D:2      | 1066 ||| Stepping ~*~*~tactically~*~*~ (stealth).
  1067 | D:2      | 1067 ||| Stepping ~*~*~tactically~*~*~ (stealth).
  1330 | D:2      | 1330 ||| Stepping ~*~*~tactically~*~*~ (stealth).
  1337 | D:2      | Reached XP level 4. HP: 27/28 MP: 4/4
  1469 | D:2      | 1469 ||| DROPPING +0 club.
  1470 | D:2      | 1470 ||| DROPPING +1 hand axe of electrocution.
  1745 | D:2      | 1745 ||| Stepping ~*~*~tactically~*~*~ (hiding).
  1761 | D:2      | Reached skill level 4 in Axes
  1841 | D:2      | Noticed Sigmund
  1860 | D:2      | HP: 7/28 [something (3)]
  1864 | D:2      | Slain by Sigmund

Levels and vault maps discovered:
D:1:      lordsloth_arrival_two_stooges, layout_loops_ring,
          shapermc_ecumenical_altar_mp_ritualfount
D:2:      cheibrodos_greedy_goblins, layout_basic, basic_altar,
          kennysheep_crisscross, patterned_corridor, uniq_sigmund

Skill      XL: |  1  2  3  4 |
---------------+-------------+-----
Axes           | 2 3 4 |  4.0
Fighting       | |  3.2
Armour         | |  3.2
Shields        | |  3.2

Action                   |  1- 3 |  4- 6 || total
-------------------------+-------+-------++-------
Melee: War axe           |    97 |    44 ||   141
  Use: Scroll            |     4 |       ||     4
       Potion            |     2 |       ||     2
Armor: Scale mail        |    47 |    26 ||    73
Dodge: Dodged            |    50 |    18 ||    68
Block: Buckler           |    28 |     9 ||    37

Table legend:
 A = Non-vault XP
 B = Vault XP
 C = Vault XP percentage of total XP
 D = Non-vault monster count
 E = Vault monster count
 F = Vault count percentage of total count
                 A         B        C        D         E       F
            +---------+---------+-------+---------+---------+-------
      Total |      84 |      21 |  20.0 |      47 |      11 |  19.0
            +---------+---------+-------+---------+---------+-------
        D:1 |      35 |       0 |   0.0 |      21 |       0 |   0.0
        D:2 |      49 |      21 |  30.0 |      26 |      11 |  29.7
            +---------+---------+-------+---------+---------+-------
